Cogmind - Beta 15 @@@ ROGUE MODE // 2025.08.24 @ 17:48:55 Player: JuustuToug Result: Destroyed by Autobeam Turret with Autobeam Performance ------------- Evolutions (0) 0 Regions Visited (3) 600 Robots Destroyed (19) 95 Value Destroyed (362) 362 Prototype IDs (0) 0 Alien Tech Used (0) 0 Bonus (-23) -23 TOTAL SCORE: 1034 Bonus ------- Friendly Fire -23 Cogmind --------- Core Integrity 0/250 Matter 202/300 Energy 99/100 System Corruption 0% Temperature Cool (18) Movement Core (100) Ox1 Location -10/Subcaves Parts ------- > --- POWER (1) -------- (None) > --- PROPULSION (2) --- (None) > --- UTILITY (2) ------ Small Storage Unit > --- WEAPON (2) ------- (None) > --- INVENTORY (8) ---- Light Ion Engine Subdweller Power Source Improved Terrain Scanner ECM Suite Utility Shielding Battle Cannon Grenade Launcher Subdweller Shrapnel Launcher Peak State ------------ > --- POWER ------------ Subdweller Power Source > --- PROPULSION ------- Aluminum Leg Aluminum Leg > --- UTILITY ---------- Small Storage Unit ECM Suite > --- WEAPON ----------- Battle Cannon Subdweller Shrapnel Launcher > --- INVENTORY -------- Ion Engine Light Ion Engine Subdweller Monowheel Improved Terrain Scanner Utility Shielding Medium Laser Small Laser Light Assault Rifle [Rating: 11] Favorites ----------- Power Light Ion Engine Engine Light Ion Engine Propulsion Aluminum Leg Leg Aluminum Leg Wheel Subdweller Monowheel Utility Small Storage Unit Device ECM Suite Storage Small Storage Unit Protection Utility Shielding Weapon Light Assault Rifle Energy Gun Small Laser Ballistic Gun Light Assault Rifle Ballistic Cannon Battle Cannon Launcher Grenade Launcher Build | -11 -10 -10 -10 ------- Run | Yrd Mat Min Sub Slots Evolved . | . . . . Power . | . . . . Propulsion . | . . . . Utility . | . . . . Weapon . | . . . . Parts Attached 23 | 8 5 3 7 Power 5 | 2 1 . 2 Engine 5 | 2 1 . 2 Core . | . . . . Reactor . | . . . . Propulsion 5 | 2 2 . 1 Treads . | . . . . Leg 4 | 2 2 . . Wheel 1 | . . . 1 Hover . | . . . . Flight . | . . . . Utility 3 | 1 1 . 1 Device 1 | . 1 . . Storage 1 | 1 . . . Processor . | . . . . Hackware . | . . . . Protection 1 | . . . 1 Artifact . | . . . . Weapon 10 | 3 1 3 3 Energy Gun 5 | 3 . 2 . Energy Cannon . | . . . . Ballistic Gun 2 | . . 1 1 Ballistic Cannon 1 | . . . 1 Launcher 2 | . 1 . 1 Special Weapon . | . . . . Impact Weapon . | . . . . Slashing Weapon . | . . . . Piercing Weapon . | . . . . Special Melee Weapon . | . . . . Unidentified Prototypes . | . . . . Parts Lost 10 | . 1 1 8 Power 2 | . . . 2 Propulsion 3 | . . . 3 Utility . | . . . . Weapon 5 | . 1 1 3 Highest Loss Streak 6 | . 1 1 6 To Critical Strikes . | . . . . Average Backups 7 | 1 6 7 7 Power 1 | . 2 2 1 Propulsion . | . . 1 . Utility 1 | . 1 1 2 Weapon 2 | . 1 3 3 Tool/Special . | . . . . Unused Backups 4 | . 3 . 1 Power 1 | . 1 . . Propulsion . | . . . . Utility 2 | . 1 . 1 Weapon 1 | . 1 . . Tool/Special . | . . . . Average Slot Usage (%) 97 | . 94 100 97 Engine 13 | . 14 14 13 Leg 26 | . 28 28 23 Wheel 1 | . . . 3 Device 12 | . 12 14 10 Storage 14 | . 14 14 14 Protection 1 | . . . 2 Energy Gun 16 | . 23 14 13 Ballistic Gun 8 | . . 13 12 Peak Build Rating 11 | 6 7 8 11 Average Rating 7 | 4 6 7 8 On Entrance 5 | . 6 7 8 Naked Turns . | . . . . Heaviest Build 23 | 14 17 13 23 Greatest Support 20 | 20 20 20 20 Greatest Overweight (x) 4 | 1 . . 4 Average Overweight (x) . | . . . . Largest Inventory Capacity 8 | 8 8 8 8 Average Capacity 7 | 7 8 8 8 Most Carried 8 | 4 8 8 8 Average Carried 7 | 1 6 7 7 Final Capacity 8 | 8 8 8 8 Final Carried 8 | 2 7 8 8 Class Distribution -------------------- 54% | Mutant 45% | Scavenger-Mutant Dominant Class ---------------- Mutant | -10/Materials Scavenger-Mutant | -10/Mines Mutant | -10/Subcaves Resources | -11 -10 -10 -10 ----------- Run | Yrd Mat Min Sub Matter Collected 521 | 207 110 146 58 Remotely . | . . . . Salvage Created 359 | . 276 17 66 Parts 34 | . 23 4 7 Haulers Intercepted . | . . . . Recyclers Shooed . | . . . . Parts Field Recycled . | . . . . Retrieved Matter . | . . . . Parts Self-Destructed 1 | . . . 1 Prevented . | . . . . Kills | -11 -10 -10 -10 ------- Run | Yrd Mat Min Sub Combat Hostiles Destroyed 21 | . 8 8 5 Guns 8 | . 6 2 . AOE 13 | . 2 6 5 Classes Destroyed 6 | . 4 1 1 Operator 1 | . 1 . . Watcher 1 | . 1 . . Swarmer 11 | . 3 4 4 Grunt 5 | . 5 . . Subdweller 1 | . . . 1 Assembled 4 | . . 4 . Best Kill Streak 5 | . 2 4 5 Combat Bots Only 5 | . 2 4 5 Max Kills in Single Turn 3 | . 1 3 2 Gunslinging . | . . . . Exploded 3 | . 1 3 2 Melee . | . . . . Uniques/NPCs Destroyed . | . . . . Combat | -11 -10 -10 -10 -------- Run | Yrd Mat Min Sub Hostile Shots Fired 208 | . 48 23 137 Missed 83 | . 18 14 51 Hits 125 | . 30 9 86 Projectile 125 | . 30 9 86 Part Disruptions 1 | . . 1 . Damage Taken 1146 | . 342 108 696 Core 254 | . 21 44 189 Absorbed by Shields . | . . . . Redirected to Shielding 5 | . . . 5 Core Remaining (%) 100 | 100 . . . Volleys Fired 48 | . 32 11 5 Largest 2 | . 2 2 2 Hottest 90 | . 90 90 73 Shots Fired 69 | . 45 17 7 Gun 59 | . 43 13 3 Cannon 1 | . . . 1 Launcher 9 | . 2 4 3 Special . | . . . . Kinetic 8 | . . 3 5 Thermal 18 | . 8 8 2 Explosive 6 | . 2 4 . Electromagnetic 37 | . 35 2 . Robot Hit Streak 8 | . 8 4 3 Robot Miss Streak 4 | . 4 2 2 Penetration Max . | . . . . Secondary Targets . | . . . . Shots Hit Robots 40 | . 28 9 3 Core Hits 32 | . 15 13 4 Critical Kills . | . . . . Critical Parts Destroyed . | . . . . Critical Strikes 1 | . 1 . . Burn 1 | . 1 . . Melee Attacks . | . . . . Impact . | . . . . Slashing . | . . . . Piercing . | . . . . Sneak Attacks . | . . . . Combat Hostiles . | . . . . Follow-up Attacks . | . . . . Damage Inflicted 1414 | . 525 545 344 Guns 470 | . 384 67 19 Cannons . | . . . . Explosions 944 | . 141 478 325 Melee . | . . . . Ramming . | . . . . Kinetic 340 | . . 8 332 Thermal 150 | . 79 59 12 Explosive 578 | . 100 478 . Electromagnetic 346 | . 346 . . Impact . | . . . . Slashing . | . . . . Piercing . | . . . . Highest Corruption . | . . . . Average Corruption . | . . . . Corruption Purged . | . . . . Corruption Blocked . | . . . . Overload Shots . | . . . . Overflow Damage 74 | . 5 19 50 Projectiles . | . . . . Explosions 74 | . 5 19 50 Melee . | . . . . Knockbacks . | . . . . Impact . | . . . . Kinetic . | . . . . Secondary . | . . . . Self-Inflicted Damage 51 | . 38 13 . Shots 2 | . 1 1 . Rammed . | . . . . Targets Rammed . | . . . . Kicked . | . . . . Crushed . | . . . . Highest Temperature 106 | . 106 80 1 Average Temperature 36 | . 37 34 1 Received Heat Transfer 620 | . 126 20 474 Siege Activations . | . . . . Martial Activations . | . . . . Shielding Activations . | . . . . Robots Disrupted . | . . . . Combat Hostiles . | . . . . Robots Corrupted . | . . . . Combat Hostiles . | . . . . Parts Fried 1 | . 1 . . Impact Corruptions . | . . . . Robots Melted . | . . . . Combat Hostiles . | . . . . Parts Melted . | . . . . Heat Transferred 471 | . 285 149 37 Parts Sabotaged . | . . . . Parts Stolen . | . . . . Parts Stripped . | . . . . Power Chain Reactions 1 | . 1 . . Alert | -11 -10 -10 -10 ------- Run | Yrd Mat Min Sub Maximum Alert Level . | . . . . Low Security (%) 100 | 100 100 100 . Level 1 . | . . . . Level 2 . | . . . . Level 3 . | . . . . Level 4 . | . . . . Level 5 . | . . . . High Security . | . . . . Max Security . | . . . . Peak Influence 124 | . 113 124 . Initial 40 | . . 40 . Average 31 | . 25 41 . Influence Increases 490 | . 279 131 80 Destroy 0b10 Robot/C 320 | . 160 80 80 Destroy 0b10 Robot/NC 10 | . 10 . . Destroy Leader 62 | . 42 20 . Successful Hack 7 | . 7 . . Select Force Hacks 30 | . 30 . . Disable Machine 15 | . . 15 . Destroy Structure 31 | . 15 16 . Partial Spotted 15 | . 15 . . Influence Decreases 490 | . 174 236 80 Entered New Map 65 | . . 65 . Time Decay 385 | . 164 161 60 Lost Part 40 | . 10 10 20 Squads Dispatched 3 | . 3 . . Investigation 2 | . 2 . . Extermination . | . . . . Reinforcement 1 | . 1 . . Assault . | . . . . Garrison . | . . . . Intercept . | . . . . Searches Triggered . | . . . . Construction Impeded . | . . . . Haulers Reinforced . | . . . . Active Scanning Responses . | . . . . Cargo Convoy Interrupts . | . . . . Stealth | -11 -10 -10 -10 --------- Run | Yrd Mat Min Sub Distress Signals 1 | . 1 . . Communications Jammed . | . . . . Distress Signals . | . . . . Times Spotted 57 | . 20 13 24 Peak Tracking Total 7 | . 4 7 5 Tactical Retreats 10 | . 6 . 4 Traps | -11 -10 -10 -10 ------- Run | Yrd Mat Min Sub Traps Triggered 2 | . . . 2 Indirectly . | . . . . Trap Hack Attempts . | . . . . Triggered . | . . . . Disarmed . | . . . . Reprogrammed . | . . . . Reused . | . . . . Traps Extracted . | . . . . Installed . | . . . . Triggered . | . . . . Machines | -11 -10 -10 -10 ---------- Run | Yrd Mat Min Sub Machines Disabled 4 | . 1 1 2 Max in Single Turn 1 | . 1 1 1 Machines Repaired . | . . . . Machines Dismantled . | . . . . Machines Sabotaged . | . . . . Overloaded Fab Kills . | . . . . Hacking | -11 -10 -10 -10 --------- Run | Yrd Mat Min Sub Machines Accessed 5 | . 4 . 1 Terminals 3 | . 3 . . Fabricators . | . . . . Repair Stations . | . . . . Recycling Units 1 | . 1 . . Scanalyzers . | . . . . Garrison Access . | . . . . Total Hacks 12 | . 7 . 5 Successful 8 | . 3 . 5 Failed 4 | . 4 . . Catastrophic 2 | . 2 . . Database Lockouts . | . . . . Manual 3 | . 3 . . Terminals 5 | . 5 . . Fabricators . | . . . . Repair Stations . | . . . . Recycling Units 2 | . 2 . . Scanalyzers . | . . . . Garrison Access . | . . . . Terminal Hacks 7 | . 2 . 5 Record 5 | . . . 5 Emergency Access Points 1 | . 1 . . Scanalyzer Index 1 | . 1 . . Fabricator Hacks . | . . . . Repair Station Hacks . | . . . . Recycling Unit Hacks . | . . . . Scanalyzer . | . . . . Garrison Access Hacks . | . . . . Unauthorized Hacks 1 | . 1 . . Terminals . | . . . . Fabricators . | . . . . Repair Stations . | . . . . Recycling Units 1 | . 1 . . Tunnel 1 | . 1 . . Scanalyzers . | . . . . Garrison Access . | . . . . Data Cores Recovered . | . . . . Used . | . . . . Hacking Detections 4 | . 4 . . Full Trace Events 1 | . 1 . . Feedback Events . | . . . . Feedback Blocked . | . . . . Robot Schematics Acquired . | . . . . Robots Built . | . . . . Authchips . | . . . . Time . | . . . . Total Robot Build Rating . | . . . . Part Schematics Acquired . | . . . . Parts Built . | . . . . Authchips . | . . . . Time . | . . . . Total Part Build Rating . | . . . . Parts Repaired . | . . . . Time . | . . . . Parts Recycled . | . . . . Recycled Matter . | . . . . Retrieved Matter . | . . . . Retrieved Components . | . . . . Parts Scanalyzed . | . . . . Part Schematics Acquired . | . . . . Parts Damaged . | . . . . Bothacking | -11 -10 -10 -10 ------------ Run | Yrd Mat Min Sub Used RIF Installer . | . . . . Robots Hacked . | . . . . Non-combat . | . . . . Combat . | . . . . Robot Hacks Applied . | . . . . Relay Couplers Released . | . . . . Fabnet Peak Effective % . | . . . . Robots Rewired . | . . . . Allies Hacked . | . . . . Hacks Repelled . | . . . . Allies | -11 -10 -10 -10 -------- Run | Yrd Mat Min Sub Total Allies 1 | . . 1 . Largest Group 1 | . . 1 . Highest-Rated Group 31 | . . 31 . Highest-Rated Ally 31 | . . 31 . Total Orders . | . . . . Ally Attacks . | . . . . Total Damage . | . . . . Kills . | . . . . Allies Corrupted . | . . . . Allies Melted . | . . . . Intel | -11 -10 -10 -10 ------- Run | Yrd Mat Min Sub Active Infowar (turns) 1575 | . 461 569 545 ECM 1575 | . 461 569 545 Robot Analysis Total . | . . . . Derelict Logs Recovered 2 | . . 1 1 Drone Launches . | . . . . Drone Recoveries . | . . . . Exploration | -11 -10 -10 -10 ------------- Run | Yrd Mat Min Sub Turns Passed 1868 | 81 498 569 720 Spaces Moved 1194 | 52 209 400 533 Core 27 | 16 . . 11 Treads . | . . . . Legs 1015 | 36 209 400 370 Wheels 152 | . . . 152 Hover . | . . . . Flight . | . . . . Fastest Speed 50 | 50 120 120 100 Average Speed 119 | 118 120 120 118 Slowest Speed 250 | 190 120 120 250 Overloaded Moves . | . . . . Propulsion Burnouts . | . . . . Robots Hopped . | . . . . Potential Cave-ins . | . . . . Cave-ins Triggered . | . . . . Exploration Rate (%) 36 | 4 34 74 32 Regions Visited 3 Branch Regions 2 Pre-discovered Areas 1 | . 1 . . Known Exits Taken 1 | . . 1 . Unknown Exits Taken 2 | 1 1 . . Scrap Searched 1 | . . 1 . Spaces Dug . | . . . . Terrain Destroyed 71 | . 14 23 34 Melee . | . . . . Projectile . | . . . . AOE 71 | . 14 23 34 Terrain Rammed . | . . . . Walls Destroyed . | . . . . Machines Disabled . | . . . . Actions | -11 -10 -10 -10 --------- Run | Yrd Mat Min Sub Total 1560 | 70 412 470 608 Wait 246 | 3 148 50 45 Move 1191 | 51 208 399 533 Hop . | . . . . Pick Up 28 | 8 11 3 6 Fast Attach . | . . . . Attach 13 | 6 2 1 4 Detach 2 | . . . 2 Swap 21 | 2 5 5 9 Drop 11 | . 6 1 4 Fire 48 | . 32 11 5 Melee . | . . . . Ram . | . . . . Kick . | . . . . Crush . | . . . . Escape Stasis . | . . . . Rewire . | . . . . Trap . | . . . . Miscellaneous . | . . . . Route ------- -11/Scrapyard -10/Materials -10/Mines (discovered 3 exits: [*Mat x2] / *Sub) -10/Subcaves (discovered 3 exits: *Mat x2 / *Rec) History --------- Turn | Location | Event 9 | -11/Scrapyard | Discovered new exit (range 15) 82 | -11/Scrapyard | Entered Materials 311 | -10/Materials | Build established: Mutant 522 | -10/Materials | Discovered new exit (range 8) 580 | -10/Materials | Entered Mines 620 | -10/Mines | Assembled infested the area 625 | -10/Mines | Assisted by a Guerilla fighting off Assembled 778 | -10/Mines | Received a Mining Laser from a helpful Derelict 802 | -10/Mines | Discovered new exit (range 10) 858 | -10/Mines | Build established: Scavenger-Mutant 1009 | -10/Mines | Discovered new exit (range 14) 1089 | -10/Mines | Identified exit to Subcaves 1149 | -10/Mines | Entered Subcaves 1159 | -10/Subcaves | Discovered new exit (range 8) 1483 | -10/Subcaves | Identified exit to Materials 1509 | -10/Subcaves | Visited Clippyterm 1513 | -10/Subcaves | Identified exit to Recycling 1513 | -10/Subcaves | Learned Research machine intel 1544 | -10/Subcaves | Shifting Twisted Machinery released Battle Cannon 1551 | -10/Subcaves | Shifting Twisted Machinery released Sub. Shrapnel Launcher 1631 | -10/Subcaves | Ambushed by Subdweller buried in earth 1690 | -10/Subcaves | Build established: Mutant 1775 | -10/Subcaves | A Subdweller sparked back to life 1775 | -10/Subcaves | A Subdweller sparked back to life 1775 | -10/Subcaves | A Subdweller sparked back to life 1846 | -10/Subcaves | Core integrity fell below 50% 1866 | -10/Subcaves | Core integrity fell below 20% 1869 | -10/Subcaves | Destroyed by Autobeam Turret with Autobeam Last Messages --------------- repair. 01641_ Sub. Power Source destroyed. 01643_ Aluminum Leg destroyed. 01764_ 1F-IC7(u) tweaks Twisted Machinery. 01775_ 82-4NX(R) creaks and sparks as it begins to move. 01775_ 7S-3T2(R) creaks and sparks as it begins to move. 01775_ 7E-DSX(R) creaks and sparks as it begins to move. 01790_ 1F-IC7(u) deconstructs Twisted Machinery. 01796_ Acquired Grenade Launcher. 01839_ Med. Laser destroyed. 01845_ Sub. Monowheel destroyed. 01849_ Aluminum Leg destroyed. 01853_ Sml. Laser destroyed. 01856_ Acquired Sub. Power Source. 01857_ Acquired 48 matter. 01863_ Lgt. Assault Rifle destroyed. 01867_ Ion Engine destroyed. Map ----- +----------------------------------------------------+ | ?????????????????????????????????????????????????? | | ?????????????????????????????????????????????????? | | ?????????????????????????????????????????????????? | | ???????????????????????????##????????????????????? | | ?????########????????????? #????? ??????????????? | | ????## ####????????? #?##" ??????????????? | | ##### ##????????# ## " ?????????????? | | # #######??# ?????????????? | | ### #?## ?????????????? | | ##?## ### #??????????????? | | # ###???# #???????????????? | | #####?##### #???????????????? | | ???# ## ###?????????????? | | ???# #?????????????? | | ???# ###; #?????????????? | | ???# #?## ### #??????????????? | | ???## ## ##?#; #??????????????????? | | ????# ### ##??#; ##?????????????????? | | ????# #?# #???##; ##????????????????? | | ????## #?# ##????#;; & #????????????????? | | ?????#####?# ##?????# = #????????????????? | | ???????????###??????## & #????????????????? | | ????????????????????### ; #????????????????? | | ????????????????????#" ; #????????????????? | | ????????????????????# ;##????????????????? | | ????????????????????# @ ##?????????????????? | | ????????????????????#" t t #??????????????????? | | ????????????????????#" " " "#??????????????????? | | ????????????????????#"""" """"#??????????????????? | | ????????????????????#####>#####??????????????????? | | ????????????????????????###??????????????????????? | | ?????????????????????????????????????????????????? | | ?????????????????????????????????????????????????? | | ?????????????????????????????????????????????????? | | ?????????????????????????????????????????????????? | | ?????????????????????????????????????????????????? | | ?????????????????????????????????????????????????? | | ?????????????????????????????????????????????????? | | ?????????????????????????????????????????????????? | | ?????????????????????????????????????????????????? | | ?????????????????????????????????????????????????? | | ?????????????????????????????????????????????????? | | ?????????????????????????????????????????????????? | | ?????????????????????????????????????????????????? | | ?????????????????????????????????????????????????? | | ?????????????????????????????????????????????????? | | ?????????????????????????????????????????????????? | | ?????????????????????????????????????????????????? | | ?????????????????????????????????????????????????? | | ?????????????????????????????????????????????????? | +----------------------------------------------------+ Best States ------------- Heat Dissipation 25 Energy Generation 15 Energy Capacity 250 Matter Stores 300 Matter Capacity 300 Sight Range 16 Terrain Scan Density 10 ECM Strength 1 Utility Shielding 33 Evasion (%) 55 Item Schematics ----------------- None Robot Schematics ------------------ None Fabricated ------------ Nothing Repaired ---------- Nothing Alien Tech Used ----------------- None Achievements -------------- None Challenges ------------ None Game ------ Seed CooledDeuteriumHarness Manual? 0 Play Time 00:20:45 Cumulative 74.0 hours Start 2025.08.24 @ 17:25:12 End 2025.08.24 @ 17:48:55 Sessions 1 Manual Loads 0 Difficulty Rogue Special Mode None Game No. 56 Rogue 56 Adventurer 0 Explorer 0 Win Type - Total 2 Types 1/0/0/1/0/0/0/0/0/0 Lore% 58 Gallery% 51 Achievement% 45 Wizard Run 0 Options --------- Layout 1 ASCII 0 Keyboard 0 Movement Mouse Keybinds 0 Fullscreen 1 Font 24/Smallcaps Map View 50x35 Zoom Use 0% Tactical HUD 1 Map Filters NONE Filters NONE Steam 1 RUN: 139cdcd5-5f22-4789-be62-225003f6225b